 Dungeon Crawl Stone Soup version 0.29.1-2-gbd0b4ee654 (webtiles) character file.

Game seed: 4230954323161708847

431 qeuew the Poker (level 6, -4/49 HPs)
             Began as a Merfolk Gladiator on Nov 10, 2022.
             Slain by an orc warrior
             ... wielding a +1 glaive of venom
              (14 damage)
             ... on level 5 of the Dungeon.
             The game lasted 00:06:35 (3683 turns).

qeuew the Poker (Merfolk Gladiator)                 Turns: 3683, Time: 00:06:36

Health: -4/49      AC:  8    Str: 15 (16) XL:     6   Next: 99%
Magic:  6/6        EV: 12    Int:  5 (8)  God:
Gold:   195        SH:  0    Dex: 13 (15) Spells: 5/5 levels left

rFire   . . .      SeeInvis .   a - +0 trident
rCold   . . .      Faith    .   (no shield)
rNeg    . . .      Spirit   .   p - +0 ring mail
rPois   .          Reflect  .   g - +2 helmet
rElec   .          Harm     .   (no cloak)
rCorr   .          Rampage  .   (no gloves)
Will    .....                   (no boots)
Stlth   +.........              (no amulet)
HPRegen 0.16/turn               (no ring)
MPRegen 0.10/turn               (no ring)

@: lethally poisoned (-4 -> -27)
A: (nimble swimmer 2), mertail
a: no special abilities


You were on level 5 of the Dungeon.
You visited 1 branch of the dungeon, and saw 5 of its levels.

You collected 195 gold pieces.

Inventory:

Hand Weapons
 a - a +0 trident (weapon)
Missiles
 d - 2 throwing nets (quivered)
 e - a javelin
Armour
 g - a +2 helmet (worn)
 p - a +0 ring mail (worn)
Wands
 b - a wand of mindburst (16)
 j - a wand of iceblast (15)
 w - a wand of flame (29)
Scrolls
 c - a scroll of identify
 l - a scroll of fog
 v - 3 scrolls of teleportation
Potions
 f - a potion of berserk rage
 i - a potion of curing
 k - a potion of invisibility
 m - a potion of ambrosia


   Skills:
 + Level 4.4 Fighting
 + Level 6.0 Polearms
 + Level 3.9 Throwing
 + Level 6.0 Dodging


You had 5 spell levels left.
You didn't know any spells.
Your spell library contained the following spells:

 Spells                   Type           Power      Damage    Failure   Level
 Sandblast                Erth           0%         2d4       71%         1
 Passwall                 Tmut/Erth      0%         N/A       85%         2
 Stone Arrow              Conj/Erth      0%         3d7       97%         3
 Blade Hands              Tmut           0%         N/A       100%        5
 Irradiate                Conj/Tmut      0%         3d11      100%        5
 Dragon Form              Tmut           0%         N/A       100%        7


Dungeon Overview and Level Annotations

Branches:
Dungeon (5/15)
 Temple: D:4-7

Altars:
Dithmenos
Fedhas
Makhleb
Nemelex Xobeh
Okawaru
Qazlal
Ru
Sif Muna
Vehumet
Wu Jian
Xom
Yredelemnul


Innate Abilities, Weirdness & Mutations

((You are very nimble when in or above water. (Stealth+, EV+, Speed+++)))
Your lower body shifts to a powerful aquatic tail in water.


Message History

The hound is almost dead.
The hound barely misses you. The hound bites you but does no damage.
You hit the hound.
You kill the hound!
Your Polearms skill increases to level 6!
Your Dodging skill increases to level 6!
No target in view!
No target in view!
No target in view!
There is an open door here.
Found a leather armour and a dagger.
You see here a +0 leather armour.
An orc comes into view. It is wielding a +0 trident.
An orc is nearby!
An orc warrior and an orc come into view.
The orc warrior is wielding a +1 glaive of venom.
The orc warrior shouts!
The orc shouts!
You reach to attack!
You hit the orc.
The orc is heavily wounded.
The orc hits you from afar with a +0 trident.
You reach to attack!
You hit the orc.
You kill the orc!
You reach to attack!
You hit the orc warrior but do no damage.
The orc warrior hits you from afar with a +1 glaive of venom!
You are poisoned.
You barely miss the orc.
You feel very sick.
The orc warrior hits you from afar with a +1 glaive of venom!
You are lethally poisoned!
You are too injured to fight recklessly!
You are too injured to fight recklessly!
You are too injured to fight recklessly!
There is a lethal amount of poison in your body!
You puncture the orc!
You kill the orc!
* * * LOW HITPOINT WARNING * * *
You feel very sick.
The orc warrior hits you from afar with a +1 glaive of venom!
You die...

#.........
#........
#.......#'#
#.......#..
#.......'..
#..o....#
#..)....#
#.)@....#
#.......#
#.......#
###.......##
#..........#
#..........#
#....
#..........#
#....
#..........#
#....
#......)...#.
#....


You could see an orc warrior.

Vanquished Creatures
  2 phantoms
  A necrophage (D:5)
  A hound (D:5)
  Crazy Yiuf (D:3)
  Terence (D:3)
  6 adders
  A worm (D:4)
  3 dart slugs
  3 orcs
  10 endoplasms
  3 giant cockroaches
  5 goblins
  6 hobgoblins
  9 kobolds
  2 quokkas (D:1)
  8 ball pythons
  7 bats
  6 frilled lizards
  8 rats
83 creatures vanquished.

Notes
Turn   | Place    | Note
-------+----------+-------------------------------------------
     0 | D:1      | qeuew the Merfolk Gladiator began the quest for the Orb.
     0 | D:1      | Reached XP level 1. HP: 16/16 MP: 1/1
   217 | D:1      | Reached XP level 2. HP: 21/23 MP: 2/2
   387 | D:1      | Found a faded altar of an unknown god.
   555 | D:1      | Reached XP level 3. HP: 27/28 MP: 3/3
  1001 | D:2      | Reached XP level 4. HP: 6/35 MP: 4/4
  2294 | D:3      | Found a runed translucent door.
  2295 | D:3      | Noticed Crazy Yiuf
  2313 | D:3      | Noticed Terence
  2326 | D:3      | Killed Terence
  2327 | D:3      | Reached skill level 5 in Polearms
  2327 | D:3      | Reached skill level 5 in Dodging
  2327 | D:3      | Reached XP level 5. HP: 36/41 MP: 5/5
  2578 | D:3      | Killed Crazy Yiuf
  2583 | D:3      | Identified the +10 hammer "Piusyuc" {flame, *Corrode rC++}
  3093 | D:4      | Found an iron altar of Okawaru.
  3094 | D:4      | Found a shadowy altar of Dithmenos.
  3094 | D:4      | Found a basalt altar of Yredelemnul.
  3094 | D:4      | Found a shimmering blue altar of Sif Muna.
  3095 | D:4      | Found a radiant altar of Vehumet.
  3095 | D:4      | Found a stormy altar of Qazlal.
  3096 | D:4      | Found a shimmering altar of Xom.
  3096 | D:4      | Found a blossoming altar of Fedhas.
  3096 | D:4      | Found a burning altar of Makhleb.
  3114 | D:4      | Found a sparkling altar of Nemelex Xobeh.
  3114 | D:4      | Found an ornate altar of the Wu Jian Council.
  3114 | D:4      | Found a sacrificial altar of Ru.
  3251 | D:4      | Noticed a phantom
  3276 | D:4      | Killed a phantom
  3277 | D:4      | Reached XP level 6. HP: 36/48 MP: 6/6
  3372 | D:5      | Entered Level 5 of the Dungeon
  3677 | D:5      | Noticed an orc warrior
  3683 | D:5      | Slain by an orc warrior

Illustrated notes

Levels and vault maps discovered:
D:1:      onia_arrival_mini_spirals, layout_rooms, basic_ecumenical_altar
D:2:      layout_basic
D:3:      layout_rooms, kennysheep_crisscross, minmay_distorted, uniq_terence,
          uniq_crazy_yiuf_cottage
D:4:      layout_rooms, nicolae_overflows_in_rows
D:5:      layout_gridville, serial_shops, shop

Skill      XL: |  1  2  3  4  5  6 |
---------------+-------------------+-----
Fighting       | 3 4 |  4.4
Polearms       | 5 6 |  6.0
Throwing       | 3 |  3.9
Dodging        | 5 6 |  6.0

Action                   |  1- 3 |  4- 6 || total
-------------------------+-------+-------++-------
Melee: Trident           |    98 |   192 ||   290
       Punch             |     1 |       ||     1
Throw: Throwing net      |       |     1 ||     1
  Use: Scroll            |     5 |     7 ||    12
       Potion            |     2 |     6 ||     8
 Stab: Distracted        |     1 |       ||     1
       Sleeping          |     2 |     2 ||     4
Armor: Leather armour    |    27 |    19 ||    46
       Ring mail         |       |    27 ||    27
Dodge: Dodged            |    55 |    86 ||   141
